 Dungeon Sprint DCSS version 0.20-a0-256-gabb291d (console) character file.

182055 Blackmore the Axe Maniac (level 17, -1/286 HPs)
             Began as a Minotaur Fighter on Dec 1, 2016.
             Was the Champion of Okawaru.
             Slain by a greater mummy (19 damage)
             ... in the Dungeon (Sprint VII: "The Pits").
             The game lasted 01:20:04 (12819 turns).

Blackmore the Axe Maniac (Minotaur Fighter)        Turns: 12819, Time: 01:20:05

Health: -1/286     AC: 34    Str: 33    XL:     17   Next: 34%
Magic:  32/32      EV:  9    Int:  9    God:    Okawaru [******]
Gold:   118        SH: 28    Dex:  8    Spells: 16/16 levels left

rFire  + + .     SeeInvis .     o - +4 broad axe (elec)
rCold  + . .     Gourm    .     B - +3 plate armour {rF+}
rNeg   . . .     Faith    .     e - +0 large shield
rPois  +         Spirit   .     M - +2 hat {MR+}
rElec  +         Reflect  .     N - +1 cloak {+Inv}
rCorr  .         Harm     .     (no gloves)
MR     ++...     NoTele   +     O - +2 pair of boots {Fly}
Stlth  ..........               u - amulet "Oghahyor" {+Rage rElec MP+9 Int-4}
                                j - ring "Yzaoj" {+Inv rPois rF+ rC+ Int+4}
                                v - ring "Qank" {rElec Int+2 Slay+5}

@: berserking (expiring), flying, very quick
A: retaliatory headbutt, horns 2, blurry vision 1, clever 1, clumsy 1, slow
regeneration 1
}: 1/15 runes: silver
a: Heroism, Finesse, Renounce Religion, Evoke Berserk Rage, Evoke Invisibility,
Stop Flying


You were in the Dungeon.
You worshipped Okawaru.
Okawaru was exalted by your worship.
You were very hungry.

You visited 1 branch You collected 118 gold pieces.

Inventory:

Hand Weapons
 a - a +1 broad axe of venom
 o - a +4 broad axe of electrocution (weapon)
 r - the +6 arbalest "Damnation" {damnation}
   (You found it in the Dungeon)
 s - a +2 war axe of freezing
 H - a +4 broad axe of chopping
Missiles
 C - 24 poisoned javelins (quivered)
 G - 2 steel tomahawks
Armour
 e - a +0 large shield (worn)
 B - a +3 plate armour of fire resistance (worn)
 M - a +2 hat of magic resistance (worn)
 N - a +1 cloak of invisibility (worn)
 O - a +2 pair of boots of flying (worn)
 P - a +2 cloak of poison resistance
Jewellery
 h - the ring "Ixkean" {rF+ Str+5}
   (You took it off a nagaraja in the Dungeon)

   [ring of strength]

   It affects your strength (+5).
   It protects you from fire.
 j - the ring "Yzaoj" (right hand) {+Inv rPois rF+ rC+ Int+4}
   (You found it in the Dungeon)

   [ring of poison resistance]

   It affects your intelligence (+4).
   It protects you from fire.
   It protects you from cold.
   It protects you from poison.
   It lets you turn invisible.
 m - the ring "Usovy" {rF+ Str+2 Slay+5}
   (You found it in the Dungeon)

   [ring of slaying]

   It affects your strength (+2).
   It affects your accuracy and damage with ranged weapons and melee attacks
   (+5).
   It protects you from fire.
 t - the ring "Hugry" {Int+3 Dex+2}
   (You took it off a naga mage in the Dungeon)

   [ring of dexterity]

   It affects your intelligence (+3).
   It affects your dexterity (+2).
 u - the amulet "Oghahyor" (around neck) {+Rage rElec MP+9 Int-4}
   (You found it in the Dungeon)

   [amulet of rage]

   It affects your intelligence (-4).
   It insulates you from electricity.
   It affects your magic capacity (+9).
   It lets you go berserk.
 v - the ring "Qank" (left hand) {rElec Int+2 Slay+5}
   (You found it in the Dungeon)

   [ring of slaying]

   It affects your intelligence (+2).
   It affects your accuracy and damage with ranged weapons and melee attacks
   (+5).
   It insulates you from electricity.
 x - an uncursed ring of positive energy
 y - an uncursed ring of protection from magic
 z - an uncursed ring of see invisible
 D - the ring of Yxywyfud {*Corrode rF+ rC++ Int+3 Dex+4}
   (You found it in the Dungeon)

   [ring of protection from fire]

   It affects your intelligence (+3).
   It affects your dexterity (+4).
   It protects you from fire.
   It greatly protects you from cold.
   It may corrode you when you take damage.
 J - the amulet "Haudd" {Gourm +Blink rElec rC+ rN+}
   (You found it in the Dungeon)

   [amulet of the gourmand]

   It allows you to eat raw meat even when not hungry.
   It protects you from cold.
   It insulates you from electricity.
   It protects you from negative energy.
   It lets you blink.
 K - the amulet "Ohou" {Spirit MR+ Str+4 Int-4}
   (You found it in the Dungeon)

   [amulet of guardian spirit]

   It causes incoming damage to be split between your health and magic.
   It affects your strength (+4).
   It affects your intelligence (-4).
   It affects your resistance to hostile enchantments.
 L - the ring "Karucoso" {*Drain rC+ rN+ Str+8 SInv}
   (You found it in the Dungeon)

   [ring of positive energy]

   It affects your strength (+8).
   It protects you from cold.
   It protects you from negative energy.
   It lets you see invisible.
   It causes draining when unequipped.
 T - the amulet of Trog's Condemnation {Faith +Blink +Fly Str+3}
   (You found it in the Dungeon)

   [amulet of faith]

   It allows you to gain divine favour quickly.
   It affects your strength (+3).
   It lets you fly.
   It lets you blink.
 U - the amulet of Cousiaro {RegenMP rElec SInv}
   (You found it in the Dungeon)

   [amulet of magic regeneration]

   It increases your magic regeneration.
   It insulates you from electricity.
   It lets you see invisible.
 W - an uncursed ring of protection from magic
 Y - the amulet "Rev Wie" {RegenMP Str+4}
   (You found it in the Dungeon)

   [amulet of magic regeneration]

   It increases your magic regeneration.
   It affects your strength (+4).
 Z - the amulet of the Ant {Spirit Int+8 Stlth+}
   (You found it in the Dungeon)

   [amulet of guardian spirit]

   It causes incoming damage to be split between your health and magic.
   It affects your intelligence (+8).
   It makes you more stealthy.
Wands
 b - a wand of hasting (4/9)
 c - a wand of heal wounds (3/9)
Scrolls
 k - a scroll of fear
 l - a scroll of blinking
 n - 2 scrolls of recharging
 A - 9 scrolls of identify
 E - a scroll of enchant armour
Potions
 d - a potion of might
 i - 4 potions of magic
 w - a potion of agility
 F - a potion of resistance
 Q - 2 potions of curing
 R - 5 potions of heal wounds
 S - a potion of berserk rage
Comestibles
 f - 10 bread rations
 p - 39 fruits
 q - 8 meat rations
 I - 5 royal jellies


   Skills:
 O Level 27 Fighting
 O Level 27 Axes
 + Level 23.7 Throwing
 O Level 27 Armour
 O Level 27 Shields
 + Level 9.6 Evocations


You had 16 spell levels left.
You didn't know any spells.

Dungeon Overview and Level Annotations

Branches:
Dungeon (1/1)

Altars:
Ashenzari
Cheibriados
Dithmenos
Elyvilon
Fedhas
Gozag
Hepliaklqana
Kikubaaqudgha
Makhleb
Nemelex Xobeh
Okawaru
Qazlal
Ru
Sif Muna
Trog
Uskayaw
Vehumet
Xom
Yredelemnul
Zin
The Shining One
Beogh
Jiyva
Lugonu


Innate Abilities, Weirdness & Mutations

You reflexively headbutt those who attack you in melee.
You have a pair of horns on your head.
Scrolls take you a little longer to read.
Your mind is acute. (Int +2)
You are clumsy. (Dex -2)
You regenerate slowly when monsters are visible.


Message History

The greater mummy barely misses you. You block the black draconian's attack.
You block the deep elf high priest's attack.
You see here a dagger.
You chop the black draconian into pieces!!!
You kill the black draconian!
Okawaru accepts your kill.
You slash the deep elf high priest! You slash the greater mummy!
You slash the bat skeleton!
You destroy the bat skeleton!
You slice the deep elf high priest!!
You kill the deep elf high priest!
Okawaru accepts your kill. Something appears at your feet!
Okawaru grants you a gift!
You slice the greater mummy!!
The tormentor calls on the powers of darkness!
Your body is wracked with pain!
* * * LOW HITPOINT WARNING * * *
The greater mummy hits you!!
You die...

#+#
##.##
#2.M#
+)ZM#
#@#
#)#
#.#
#)#
#.#
#'#
#.#
#8#
#.#


You could see a greater mummy, an electric golem, a tormentor, a mummy and a bat
zombie.

Vanquished Creatures
  Mennas (D)
  An ancient lich (D)
  A greater mummy (D)
  A pandemonium lord (D)
  A bone dragon (D)
  A pearl dragon (D)
  2 liches (D)
  2 deep elf blademasters (D)
  3 deep elf master archers (D)
  A death cob (D)
  A storm dragon (D)
  2 fire giants (D)
  3 nagarajas (D)
  A daeva (D)
  3 deep elf sorcerers (D)
  21 orc warlords (D)
  2 draconian scorchers (D)
  A frost giant (D)
  3 balrugs (D)
  A ghoul (D)
  2 draconian annihilators (D)
  2 apis (D)
  An ophan (D)
  A yellow draconian (D)
  A deep elf demonologist (D)
  A black draconian (D)
  A green draconian (D)
  A dire elephant (D)
  A purple draconian (D)
  4 deep elf annihilators (D)
  A red draconian (D)
  2 blizzard demons (D)
  A green death (D)
  An eidolon (D)
  2 deep elf death magi (D)
  A merfolk javelineer (D)
  2 deep elf high priests (D)
  Josephine (D)
  3 yaktaur captains (D)
  A fire dragon (D)
  2 great orbs of eyes (D)
  4 naga warriors (D)
  A vault guard (D)
  A spriggan air mage (D)
  An alligator snapping turtle (D)
  A catoblepas (D)
  A merfolk avatar (D)
  A dancing weapon (D)
  2 ogre magi (D)
  A naga sharpshooter (D)
  A death yak (D)
  11 orc high priests (D)
  4 fire crabs (D)
  A deep elf knight (D)
  9 skeletal warriors (D)
  A sea snake (D)
  A glowing orange brain (shapeshifter) (D)
  An unseen horror (D)
  A flayed ghost (D)
  A swamp dragon (D)
  A spriggan druid (D)
  A hill giant (D)
  A necromancer (D)
  2 wizards (D)
  A deep elf mage (D)
  19 orc knights (D)
  A wolf spider (D)
  6 orc sorcerers (D)
  An elephant (D)
  2 smoke demons (D)
  A guardian serpent (D)
  4 naga magi (D)
  2 molten gargoyles (D)
  2 rime drakes (D)
  2 tormentors (D)
  A kobold demonologist (D)
  A freezing wraith (D)
  11 yaktaurs (D)
  A demonic crawler (D)
  An ice devil (D)
  A guardian mummy (D)
  2 trolls (D)
  A red devil (D)
  2 merfolk (D)
  A hornet (D)
  3 tyrant leeches (D)
  2 bog bodies (D)
  A snapping turtle (D)
  2 two-headed ogres (D)
  A wind drake (D)
  5 slime creatures (D)
  A flying skull (D)
  A hippogriff (D)
  A tarantella (D)
  A yak (shapeshifter) (D)
  2 large abominations (D)
  A water elemental (D)
  A redback (D)
  9 yaks (D)
  3 wraiths (D)
  2 fire elementals (D)
  A basilisk (D)
  2 fire bats (D)
  2 hungry ghosts (D)
  2 neqoxecs (D)
  7 vampire mosquitoes (D)
  A steam dragon (D)
  A small abomination (D)
  A warg (D)
  2 nagas (D)
  An acid dragon (D)
  3 floating eyes (D)
  2 hell hounds (D)
  A black bear (D)
  4 ice beasts (D)
  A sky beast (D)
  16 orc warriors (D)
  3 necrophages (D)
  2 crocodiles (D)
  3 big kobolds (D)
  A scorpion (D)
  5 wights (D)
  A quasit (D)
  A gnoll shaman (D)
  2 orc priests (D)
  2 orc wizards (D)
  2 worker ants (D)
  A mummy (D)
  3 gnolls (D)
  A river rat (D)
  3 ufetubi (D)
  2 oozes (D)
  An adder zombie (D)
  A leopard gecko (D)
  14 orcs (D)
  A ball python (D)
  A bat (D)
  A bat skeleton (D)
  2 bat zombies (D)
  A hobgoblin (D)
  2 jackals (D)
  A bat simulacrum (D)
  2 giant cockroach simulacra (D)
  3 kobolds (D)
  A quokka skeleton (D)
  3 rats (D)
345 creatures vanquished.

Vanquished Creatures (others)
  A deep elf knight (D)
1 creature vanquished.

Grand Total: 346 creatures vanquished

Notes
Turn   | Place    | Note
-------+----------+-------------------------------------------
     0 | D        | Blackmore the Minotaur Fighter began the quest for the Orb.
     0 | D        | Reached XP level 1. HP: 19/19 MP: 0/0
     9 | D        | Noticed a worker ant
    16 | D        | Killed a worker ant
    16 | D        | Reached skill level 5 in Fighting
    16 | D        | Reached XP level 2. HP: 9/29 MP: 1/1
    50 | D        | Found a radiant altar of Vehumet.
    50 | D        | Found a hide-covered altar of Uskayaw.
    50 | D        | Found an ancient bone altar of Kikubaaqudgha.
    50 | D        | Found a viscous altar of Jiyva.
    50 | D        | Found a hazy altar of Hepliaklqana.
    51 | D        | Found a bloodstained altar of Trog.
    51 | D        | Found a deep blue altar of Sif Muna.
    51 | D        | Found a sacrificial altar of Ru.
    51 | D        | Found a stormy altar of Qazlal.
    51 | D        | Found an iron altar of Okawaru.
    51 | D        | Found a sparkling altar of Nemelex Xobeh.
    51 | D        | Found an opulent altar of Gozag.
    51 | D        | Found a blossoming altar of Fedhas.
    51 | D        | Found a white marble altar of Elyvilon.
    51 | D        | Found a shadowy altar of Dithmenos.
    51 | D        | Found a snail-covered altar of Cheibriados.
    52 | D        | Found a burning altar of Makhleb.
    52 | D        | Found a glowing golden altar of the Shining One.
    52 | D        | Found a glowing silver altar of Zin.
    52 | D        | Found a basalt altar of Yredelemnul.
    52 | D        | Found a roughly hewn altar of Beogh.
    53 | D        | Found a corrupted altar of Lugonu.
    53 | D        | Found a shimmering altar of Xom.
    53 | D        | Found a shattered altar of Ashenzari.
    58 | D        | Became a worshipper of Warmaster Okawaru
   204 | D        | Reached skill level 5 in Shields
   204 | D        | Reached XP level 3. HP: 34/37 MP: 2/2
   206 | D        | Reached skill level 5 in Armour
   331 | D        | Noticed a floating eye
   337 | D        | Paralysed by a floating eye for 4 turns
   341 | D        | Killed a floating eye
   341 | D        | Reached XP level 4. HP: 49/49 MP: 3/3
   341 | D        | Reached XP level 5. HP: 56/56 MP: 4/4
   347 | D        | Noticed a hungry ghost
   362 | D        | Killed a hungry ghost
   362 | D        | Reached * piety under Okawaru
   362 | D        | Reached skill level 10 in Fighting
   362 | D        | Reached XP level 6. HP: 62/66 MP: 5/5
   446 | D        | Noticed a hungry ghost
   447 | D        | Noticed a fire bat
   458 | D        | Killed a fire bat
   458 | D        | Reached skill level 10 in Axes
   462 | D        | Killed a hungry ghost
   462 | D        | Reached ** piety under Okawaru
   462 | D        | Reached XP level 7. HP: 74/74 MP: 6/6
   463 | D        | Noticed a flying skull
   484 | D        | Killed a flying skull
   493 | D        | Reached XP level 8. HP: 60/84 MP: 7/7
   614 | D        | Reached *** piety under Okawaru
   618 | D        | Noticed a hill giant
   630 | D        | Killed a hill giant
   633 | D        | Reached skill level 15 in Axes
   943 | D        | Reached skill level 10 in Armour
   943 | D        | Reached XP level 9. HP: 83/93 MP: 8/8
   990 | D        | Noticed a rime drake
   997 | D        | Killed a rime drake
   997 | D        | Reached **** piety under Okawaru
  1056 | D        | Noticed a tyrant leech
  1085 | D        | Killed a tyrant leech
  1156 | D        | Noticed a freezing wraith
  1172 | D        | Killed a freezing wraith
  1179 | D        | Noticed a molten gargoyle
  1202 | D        | Killed a molten gargoyle
  1202 | D        | Reached ***** piety under Okawaru
  1202 | D        | Reached XP level 10. HP: 56/104 MP: 9/9
  1212 | D        | Reached skill level 15 in Fighting
  1223 | D        | Reached skill level 10 in Shields
  1242 | D        | Noticed Josephine
  1256 | D        | Killed Josephine
  1477 | D        | Noticed a flayed ghost
  1485 | D        | Killed a flayed ghost
  1603 | D        | Noticed a smoke demon
  1613 | D        | Killed a smoke demon
  1613 | D        | Received a gift from Okawaru
  1706 | D        | Noticed an orc sorcerer
  1713 | D        | Killed an orc sorcerer
  1741 | D        | Noticed an elephant
  1749 | D        | Reached XP level 11. HP: 99/115 MP: 10/10
  1845 | D        | Noticed a spriggan druid
  1845 | D        | Noticed a deep elf mage
  1847 | D        | Noticed a sea snake
  1857 | D        | Killed a sea snake
  1858 | D        | Killed a spriggan druid
  1873 | D        | Killed a deep elf mage
  2201 | D        | Killed an unseen horror
  2206 | D        | Noticed an orc high priest
  2214 | D        | Noticed a sun demon
  2219 | D        | Killed an orc high priest
  2521 | D        | Noticed a fire crab
  2521 | D        | Noticed a death yak
  2530 | D        | Killed a death yak
  2530 | D        | Reached ****** piety under Okawaru
  2533 | D        | Killed a fire crab
  2540 | D        | Received a gift from Okawaru
  2545 | D        | Got a heavily runed cloak {god gift}
  2551 | D        | Identified the +0 cloak of the Cricket {Str-4 Int+4 Dex+9 Stlth+} (Okawaru gifted it to you in the Dungeon)
  2627 | D        | Noticed an alligator snapping turtle
  2679 | D        | Killed an alligator snapping turtle
  3031 | D        | Noticed a great orb of eyes
  3031 | D        | Noticed a deep elf master archer
  3031 | D        | Noticed a merfolk avatar
  3032 | D        | Noticed a fire giant
  3034 | D        | Noticed a catoblepas
  3046 | D        | Noticed a nagaraja
  3051 | D        | Killed a great orb of eyes
  3051 | D        | Reached XP level 12. HP: 79/129 MP: 11/11
  3063 | D        | Killed a merfolk avatar
  3063 | D        | Reached skill level 15 in Armour
  3063 | D        | Killed a deep elf master archer
  3069 | D        | Killed a fire giant
  3075 | D        | Killed a catoblepas
  3077 | D        | Killed a nagaraja
  3077 | D        | Received a gift from Okawaru
  3079 | D        | Got the ring "Ixkean" {rF+ Str+5}
  3330 | D        | Gained mutation: Scrolls take you a little longer to read. [a neqoxec]
  3331 | D        | Gained mutation: You are clumsy. (Dex -2) [a neqoxec]
  3644 | D        | Noticed a red draconian
  3665 | D        | Killed a red draconian
  3674 | D        | Reached skill level 15 in Shields
  3933 | D        | Noticed a storm dragon
  3949 | D        | Killed a storm dragon
  3949 | D        | Received a gift from Okawaru
  4232 | D        | Reached XP level 13. HP: 85/143 MP: 12/12
  4494 | D        | Noticed a deep elf master archer
  4504 | D        | Killed a deep elf master archer
  4504 | D        | Received a gift from Okawaru
  4718 | D        | Got the ring "Hugry" {Int+3 Dex+2}
  4910 | D        | Noticed an orc warlord
  4910 | D        | Noticed an orc warlord
  5234 | D        | Received a gift from Okawaru
  5461 | D        | Killed an orc warlord
  5738 | D        | Killed an orc warlord
  6022 | D        | Noticed a deep elf blademaster
  6023 | D        | Reached XP level 14. HP: 91/160 MP: 8/13
  6048 | D        | Killed a deep elf blademaster
  6432 | D        | Received a gift from Okawaru
  6433 | D        | Noticed a deep elf sorcerer
  6445 | D        | Killed a deep elf sorcerer
  6644 | D        | Noticed a nagaraja
  6664 | D        | Killed a nagaraja
  6723 | D        | Noticed a frost giant
  6744 | D        | Killed a frost giant
  7056 | D        | Noticed a balrug
  7056 | D        | Noticed a fire giant
  7068 | D        | Killed a balrug
  7077 | D        | Killed a fire giant
  7077 | D        | Received a gift from Okawaru
  7305 | D        | Noticed a bone dragon
  7305 | D        | Noticed a death cob
  7349 | D        | Killed a death cob
  7366 | D        | Killed a bone dragon
  7377 | D        | Reached skill level 27 in Axes
  7703 | D        | Reached skill level 27 in Fighting
  7732 | D        | Received a gift from Okawaru
  7809 | D        | Gained mutation: You regenerate slowly when monsters are visible. [a neqoxec]
  7974 | D        | Noticed an apis
  7984 | D        | Killed an apis
  8084 | D        | Noticed a deep elf blademaster
  8093 | D        | Killed a deep elf blademaster
  8093 | D        | Reached XP level 15. HP: 154/174 MP: 12/14
  8190 | D        | Noticed a nagaraja
  8216 | D        | Killed a nagaraja
  8239 | D        | Noticed a deep elf master archer
  8255 | D        | Killed a deep elf master archer
  8334 | D        | Noticed an orc warlord
  8337 | D        | Noticed a deep elf sorcerer
  8347 | D        | Gained mutation: Your mind is acute. (Int +2) [a neqoxec]
  8354 | D        | Killed a deep elf sorcerer
  8359 | D        | HP: 5/174 [orc warlord/enchanted battleaxe (20)]
  8364 | D        | Killed an orc warlord
  8856 | D        | Noticed a daeva
  8887 | D        | Killed a daeva
  9088 | D        | Received a gift from Okawaru
  9133 | D        | Noticed a deep elf sorcerer
  9194 | D        | Killed a deep elf sorcerer
  9346 | D        | Noticed an ancient lich
  9375 | D        | Received a gift from Okawaru
  9375 | D        | Reached skill level 1 in Throwing
  9377 | D        | Killed an ancient lich
  9388 | D        | Reached skill level 27 in Shields
  9620 | D        | Noticed a lich
  9629 | D        | Killed a lich
  9629 | D        | Received a gift from Okawaru
  9629 | D        | Reached skill level 5 in Throwing
  9675 | D        | Noticed a lich
  9678 | D        | Noticed an Executioner
  9698 | D        | Killed a lich
  9698 | D        | Reached skill level 1 in Evocations
  9698 | D        | Reached XP level 16. HP: 32/183 MP: 5/15
 10147 | D        | Reached skill level 10 in Throwing
 10202 | D        | Got the amulet of the Ant {Spirit Int+8 Stlth+}
 10217 | D        | Got the ring "Yzaoj" {+Inv rPois rF+ rC+ Int+4}
 10225 | D        | Got the ring "Usovy" {rF+ Str+2 Slay+5}
 10227 | D        | Got the ring "Qank" {rElec Int+2 Slay+5}
 10235 | D        | Got the amulet "Oghahyor" {+Rage rElec MP+9 Int-4}
 10239 | D        | Got the amulet of Sopsopt {+Rage rF+ Dex+2}
 10242 | D        | Got the amulet "Haudd" {Gourm +Blink rElec rC+ rN+}
 10244 | D        | Got the amulet "Ohou" {Spirit MR+ Str+4 Int-4}
 10246 | D        | Got the amulet of Trog's Condemnation {Faith +Blink +Fly Str+3}
 10248 | D        | Got the amulet "Rev Wie" {RegenMP Str+4}
 10259 | D        | Got the amulet of Cousiaro {RegenMP rElec SInv}
 10328 | D        | Received a gift from Okawaru
 10403 | D        | Got the ring of Xaapiefa {rF+ rN+ Int+3 Dex-2}
 10406 | D        | Got the ring of Plog {Ice +Inv Str+10 Dex-5 Stlth+}
 10410 | D        | Got the ring "Zovub" {Wiz Str+5}
 10413 | D        | Got the ring "Hirosicy" {Str+2 Dex+6}
 10416 | D        | Got the ring "Cir Kosm" {rC- EV+6 SInv Stlth+}
 10419 | D        | Got the ring of Ukhlofop {rF- Str+5 Int+6 SInv}
 10422 | D        | Got the ring "Nieron" {rF+ rN+}
 10425 | D        | Got the ring of Yxywyfud {*Corrode rF+ rC++ Int+3 Dex+4}
 10437 | D        | Got the ring "Karucoso" {*Drain rC+ rN+ Str+8 SInv}
 10713 | D        | Reached skill level 15 in Throwing
 10997 | D        | Received a gift from Okawaru
 11257 | D        | Received a gift from Okawaru
 11328 | D        | Reached skill level 5 in Evocations
 11384 | D        | Received a gift from Okawaru
 11400 | D        | Received a gift from Okawaru
 11683 | D        | Got a silver rune of Zot
 11834 | D        | Noticed a pearl dragon
 11841 | D        | Killed a pearl dragon
 11841 | D        | Reached XP level 17. HP: 181/191 MP: 21/21
 11888 | D        | Reached skill level 27 in Armour
 11893 | D        | Noticed Hoaroy the pandemonium lord
 11906 | D        | Killed Hoaroy the pandemonium lord
 12164 | D        | Noticed a greater mummy
 12178 | D        | Killed a greater mummy
 12582 | D        | Noticed Mennas
 12609 | D        | Killed Mennas
 12803 | D        | Noticed a greater mummy
 12803 | D        | Noticed an electric golem
 12819 | D        | Received a gift from Okawaru
 12819 | D        | Slain by a greater mummy

Vault maps used:
D:        pitsprint

Skill      XL: |  1  2  3  4  5  6  7  8  9 10 11 12 13 14 15 16 17 |
---------------+----------------------------------------------------+-----
Fighting       | 5 8 10 11 12 13 14 16 18 21 24 27 | 27.0
Axes           | 3 6 9 11 12 15 17 19 21 23 25 27 | 27.0
Armour         | 4 6 7 8 10 11 13 14 16 17 19 22 26 27 | 27.0
Shields        | 4 5 6 7 8 9 11 13 15 17 21 27 | 27.0
Throwing       | 9 20 23 | 23.7
Evocations     | 1 6 9 |  9.6

Action                   |  1- 3 |  4- 6 |  7- 9 | 10-12 | 13-15 | 16-18 || total
-------------------------+-------+-------+-------+-------+-------+-------++-------
Melee: War axe           |    21 |    17 |   114 |   289 |   272 |       ||   713
       Headbutt          |     2 |     5 |    26 |    81 |   143 |    69 ||   326
       Broad axe         |       |       |       |       |   334 |   282 ||   616
Throw: Javelin           |       |       |       |       |    20 |    14 ||    34
       Tomahawk          |       |       |       |       |     8 |    12 ||    20
 Abil: Evoke Berserk Rag |       |       |       |       |       |     4 ||     4
Evoke: Wand              |       |       |       |       |     3 |     1 ||     4
  Use: Potion            |     1 |     1 |     1 |    18 |    18 |     2 ||    41
       Scroll            |       |       |       |     1 |     8 |       ||     9
 Stab: Petrified         |       |       |       |     2 |       |       ||     2
       Invisible         |       |       |       |       |     6 |       ||     6
  Eat: Chunk             |       |     2 |     4 |     4 |    11 |     9 ||    30
       Meat ration       |       |       |       |     1 |     1 |       ||     2
       Royal jelly       |       |       |       |       |     1 |       ||     1
       Fruit             |       |       |       |       |       |     1 ||     1
       Pizza             |       |       |       |       |       |     1 ||     1
       Beef jerky        |       |       |       |       |       |     1 ||     1
Armor: Scale mail        |     5 |     8 |       |       |       |       ||    13
       Chain mail        |       |     2 |    31 |    74 |       |       ||   107
       Plate armour      |       |       |       |    60 |   211 |    41 ||   312
Dodge: Dodged            |     4 |     6 |    12 |    61 |    88 |    25 ||   196
Block: Shield            |    11 |    12 |    44 |   146 |   289 |       ||   502
       Large shield      |       |       |       |       |    44 |   188 ||   232
